Workbook

Sheet 调整明细表
A1: 2024年镇街事权预算项目资金调整明细表
A3: 调整前 | J3: 调整后 | O3: 剩余金额
A4: 资金归属科室 | B4: 单位名称 | C4: 指标文号 | D4: 项目名称 | E4: 支出功能分类科目 | F4: 政府支出经济科目 | G4: 部门支出经济分类科目 | H4: 指标金额 | I4: 结余余额 | J4: 项目名称 | K4: 支出功能分类科目 | L4: 政府支出经济科目分类 | M4: 部门支出经济分类科目 | N4: 调整金额
A5: 合 计 | H5: =SUM(H6:H16) -> 7942699.7 | I5: =SUM(I6:I16) -> 2716880.2 | N5: =SUM(N6:N16) -> 2277342.1 | O5: =SUM(O6:O16) -> 439538.06
A6: 镇街科 | B6: 北京市门头沟区永定镇人民政府 | C6: 门财预指[2024]0001号 | D6: 11010922Y000000470760-七、村级组织办公经费 | E6: 2080208-基层政权建设和社区治理 | F6: 50201-办公经费 | G6: 30201-办公费 | H6: 180600 | I6: 5600 | J6: 11010922Y000000470763-七、社区工作者待遇保障经费 | K6: 2080208-基层政权建设和社区治理 | L6: 50199-其他工资福利支出 | M6: 3019999-其他人员工资 | N6: 5600 | O6: =I6-N6 -> 0
C7: 门财镇街转统指[2024]0779号 | D7: 11010922Y000000486121-三、下沉镇街协管员队伍经费 | E7: 2010302-一般行政管理事务 | F7: 50205-委托业务费 | G7: 30226-劳务费 | H7: 3426740.7 | I7: 787303.45 | N7: 550000 | O7: =I7-N7 -> 237303.45
C8: 门财预指[2024]0001号 | D8: 11010922T000000466157-七、社区居民小组长补贴 | E8: 2080208-基层政权建设和社区治理 | F8: 50205-委托业务费 | G8: 30226-劳务费 | H8: 42720 | I8: 9180 | N8: 9180 | O8: =I8-N8 -> 0
C9: 门财预指[2024]0001号 | D9: 11010922T000000467451-一、基层党建工作经费（党建助理员） | E9: 2013202-一般行政管理事务 | F9: 50205-委托业务费 | G9: 30226-劳务费 | H9: 1208483.4 | I9: 29338.49 | N9: 29338.49 | O9: =I9-N9 -> 0
C10: 门财镇街转统指[2024]0779号 | D10: 11010922T000000467451-一、基层党建工作经费（党建助理员） | E10: 2013202-一般行政管理事务 | F10: 50205-委托业务费 | G10: 30226-劳务费 | H10: 805655.62 | I10: 805655.62 | N10: 805655.62 | O10: =I10-N10 -> 0
C11: 门财镇街转统指[2024]0779号 | D11: 11010922T000000478598-三、镇街基本公共文化工作经费 | E11: 2070109-群众文化 | F11: 50299-其他商品和服务支出 | G11: 30299-其他商品和服务支出 | H11: 425000 | I11: 425000 | N11: 330000 | O11: =I11-N11 -> 95000
C12: 门财预指[2024]0001号 | D12: 11010922T000000467511-六、水务工作经费 | E12: 2130399-其他水利支出 | F12: 50299-其他商品和服务支出 | G12: 30299-其他商品和服务支出 | H12: 300000 | I12: 251434.61 | N12: 160000 | O12: =I12-N12 -> 91434.61
C13: 门财镇街转统指[2024]0779号 | D13: 11010922T000000467511-六、水务工作经费 | E13: 2130399-其他水利支出 | F13: 50299-其他商品和服务支出 | G13: 30299-其他商品和服务支出 | H13: 300000 | I13: 300000 | N13: 300000 | O13: =I13-N13 -> 0
C14: 门财预指[2024]0001号 | D14: 11010922T000000467449-一、基层党组织党建活动经费（党员活动经费） | E14: 2013202-一般行政管理事务 | F14: 50299-其他商品和服务支出 | G14: 30299-其他商品和服务支出 | H14: 1194700 | I14: 83268 | N14: 80368 | O14: =I14-N14 -> 2900
C15: 门财预指[2024]0001号 | D15: 11010922Y000000470766-七、社区党委下设党支部委员工作补贴 | E15: 2080208-基层政权建设和社区治理 | F15: 50205-委托业务费 | G15: 30226-劳务费 | H15: 58800 | I15: 20100 | N15: 7200 | O15: =I15-N15 -> 12900
O16: =I16-N16 -> 0

Sheet 检验
A1: 资金调整明细表
A3: 调整前 | N3: 调整后 | W3: 剩余金额
A4: 资金归属科室 | B4: 单位名称 | C4: 指标文号 | D4: 项目名称 | E4: 支出功能分类科目 | F4: 政府支出经济科目 | G4: 部门支出经济分类科目 | H4: 指标金额（核对无误） | K4: 结余余额（核对无误） | N4: 单位名称 | O4: 项目名称 | P4: 支出功能分类科目 | Q4: 政府支出经济科目分类 | R4: 部门支出经济分类科目 | S4: 调整金额 | T4: 核对1 | U4: 核对2 | V4: 校验
A5: 合 计 | H5: =SUM(H6:H14) -> 12447284 | I5: 核对 | J5: 校验 | K5: =SUM(K6:K14) -> 2807711.6 | L5: 核对 | M5: 校验 | S5: =SUM(S6:S14) -> 2807711.6 | W5: =SUM(W8:W20) -> #REF!
A6: 08-镇街财政 | B6: 北京市门头沟区永定镇人民政府 | C6: 门财预指[2024]0001号 | D6: 在编人员工资福利补助性支出 | E6: 2010350-事业运行 | F6: 50101-工资奖金津补贴 | G6: 30101-基本工资 | H6: 2486004 | I6: =[1]可执行指标执行情况表!$J$8 -> 2,486,004.00 | J6: =I6-H6 -> 0 | K6: 103034.6 | L6: ='[2]预计9-12月人员经费'!$H$3 -> 103034.6 | M6: =L6-K6 -> 0 | N6: 北京市门头沟区永定镇人民政府 | O6: 在编人员工资福利补助性支出 | P6: 2010301-行政运行 | Q6: 50101-工资奖金津补贴 | R6: 30102-津贴补贴 | S6: =K6 -> 103034.6 | T6: =S6+S7+S8 -> 1195680.3 | U6: ='[2]预计9-12月人员经费'!$H$7 -> -1195680.3 | V6: =T6+U6 -> 0 | W6: =K6-S6 -> 0
A7: 08-镇街财政 | B7: 北京市门头沟区永定镇人民政府 | C7: 门财预指[2024]0001号 | D7: 在编人员工资福利补助性支出 | E7: 2010301-行政运行 | F7: 50101-工资奖金津补贴 | G7: 30101-基本工资 | H7: 4187335.2 | I7: =[1]可执行指标执行情况表!$J$11 -> 4187335.2 | J7: =I7-H7 -> 0 | K7: 435468.44 | L7: ='[2]预计9-12月人员经费'!$H$4 -> 435468.44 | M7: =L7-K7 -> 0 | N7: 北京市门头沟区永定镇人民政府 | O7: 在编人员工资福利补助性支出 | S7: =K7 -> 435468.44 | W7: =K7-S7 -> 0
A8: 08-镇街财政 | B8: 北京市门头沟区永定镇人民政府 | C8: 门财预指[2024]0001号 | D8: 在编人员工资福利补助性支出 | E8: 2010350-事业运行 | F8: 50101-工资奖金津补贴 | G8: 30103-奖金 | H8: 2240000 | I8: =[1]可执行指标执行情况表!$J$12 -> 2240000 | J8: =I8-H8 -> 0 | K8: 938289.9 | L8: ='[2]预计9-12月人员经费'!$H$5 -> 938289.9 | M8: =L8-K8 -> 0 | N8: 北京市门头沟区永定镇人民政府 | O8: 在编人员工资福利补助性支出 | S8: 657177.3 | W8: =K8-S8 -> 281112.6
A9: 08-镇街财政 | B9: 北京市门头沟区永定镇人民政府 | C9: 门财预指[2024]0001号 | D9: 在编人员工资福利补助性支出 | E9: 2010301-行政运行 | F9: 50101-工资奖金津补贴 | G9: 30103-奖金 | H9: 3533944.6 | J9: =I9-#REF! -> #REF! | K9: 1330918.7 | M9: =L9-#REF! -> #REF! | N9: 北京市门头沟区永定镇人民政府 | O9: 在编人员工资福利补助性支出 | P9: 2010350-事业运行 | Q9: 50101-工资奖金津补贴 | R9: 30102-津贴补贴 | S9: 281112.6 | T9: =S9+S10 -> 1372965.8 | U9: ='[2]预计9-12月人员经费'!$H$8 -> -1372965.8 | V9: =T9+U9 -> 0 | W9: =#REF!-S9 -> #REF!
I10: =[1]可执行指标执行情况表!$J$9 -> 3533944.6 | J10: =I10-H9 -> 0 | L10: ='[2]预计9-12月人员经费'!$H$6 -> 1330918.7 | M10: =L10-K9 -> 0 | N10: 北京市门头沟区永定镇人民政府 | O10: 在编人员工资福利补助性支出 | S10: 1091853.2 | W10: =K9-S10 -> 239065.48 | X10: =K9-S10 -> 239065.48
J11: =I11-H11 -> 0 | M11: =L11-K11 -> 0 | N11: 北京市门头沟区永定镇人民政府 | O11: 在编人员工资福利补助性支出 | P11: 2010301-行政运行 | Q11: 50102-社会保障缴费 | R11: 30109-职业年金缴费 | S11: 84139.68 | U11: ='[2]预计9-12月人员经费'!$H$9 -> -84139.68 | W11: =K11-S11 -> -84139.68 | X11: =W11+W12+W13+W14 -> -239065.48
J12: =I12-H12 -> 0 | M12: =L12-K12 -> 0 | N12: 北京市门头沟区永定镇人民政府 | O12: 在编人员社会保险缴费 | P12: 2010350-事业运行 | Q12: 50102-社会保障缴费 | R12: 30109-职业年金缴费 | S12: 53870.48 | U12: ='[2]预计9-12月人员经费'!$H$10 -> -53870.48 | W12: =K12-S12 -> -53870.48
J13: =I13-H13 -> 0 | M13: =L13-K13 -> 0 | N13: 北京市门头沟区永定镇人民政府 | O13: 在编人员社会保险缴费 | P13: 2010301-行政运行 | Q13: 50102-社会保障缴费 | R13: 30110-职工基本医疗保险缴费 | S13: 75096.895 | U13: ='[2]预计9-12月人员经费'!$H$13 -> -75096.895 | W13: =K13-S13 -> -75096.895
J14: =I14-H14 -> 0 | M14: =L14-K14 -> 0 | P14: 2010350-事业运行 | Q14: 50102-社会保障缴费 | R14: 30110-职工基本医疗保险缴费 | S14: =K9-S10-S11-S12-S13 -> 25958.425 | T14: =S14+S15 -> 56231.338 | U14: ='[2]预计9-12月人员经费'!$H$14 -> -56231.338 | V14: =U14+T14 -> 0 | W14: =K14-S14 -> -25958.425
A15: 08-镇街财政 | B15: 北京市门头沟区永定镇人民政府 | C15: 门财预指[2024]0001号 | D15: 11010921R000000041398-在编人员社会保险缴费 | E15: 2010301-行政运行 | F15: 50102-社会保障缴费 | G15: 30112-其他社会保障缴费 | H15: 82910.66 | I15: =[1]可执行指标执行情况表!$J$21 -> 82910.66 | J15: =I15-H15 -> 0 | K15: 35403.12 | L15: ='[2]预计9-12月人员经费'!$H$11 -> 35403.12 | M15: =L15-K15 -> 0 | P15: 2010350-事业运行 | Q15: 50102-社会保障缴费 | R15: 30110-职工基本医疗保险缴费 | S15: 30272.913 | W15: =K15-S15 -> 5130.2068 | X15: =K15-S15 -> 5130.2068
J16: =I16-H16 -> 0 | M16: =L16-K16 -> 0 | P16: 2010350-事业运行 | Q16: 50102-社会保障缴费 | R16: 30108-机关事业单位基本养老保险缴费 | S16: 5130.21 | T16: =S16+S17+S18 -> 108908.86 | U16: ='[2]预计9-12月人员经费'!$H$15 -> -108908.86 | V16: =U16+T16 -> 0 | W16: =K16-S16 -> -5130.21
A17: 08-镇街财政 | B17: 北京市门头沟区永定镇人民政府 | C17: 门财预指[2024]0001号 | D17: 11010921R000000041398-在编人员社会保险缴费 | E17: 2010350-事业运行 | F17: 50102-社会保障缴费 | G17: 30112-其他社会保障缴费 | H17: 100240.44 | I17: =[1]可执行指标执行情况表!$J$14 -> 100,240.44 | J17: =I17-H17 -> 0 | K17: 18441.18 | L17: ='[2]预计9-12月人员经费'!$H$12 -> 18441.18 | M17: =L17-K17 -> 0 | P17: 2010350-事业运行 | Q17: 50102-社会保障缴费 | R17: 30108-机关事业单位基本养老保险缴费 | S17: =K17 -> 18441.18 | W17: =K17-S17 -> 0 | X17: =S16+S17+S18 -> 108908.86 | Y17: ='[2]预计9-12月人员经费'!$H$15 -> -108908.86
A18: 08-镇街财政 | B18: 北京市门头沟区永定镇人民政府 | C18: 门财预指[2024]0001号 | D18: 11010921R000000041401-离退休人员支出 | E18: 2080502-事业单位离退休 | F18: 50905-离退休费 | G18: 30302-退休费 | H18: 448620 | I18: =[1]可执行指标执行情况表!$J$28 -> 448620 | J18: =I18-H18 -> 0 | K18: 141146 | L18: ='[2]预计9-12月人员经费'!$H$21 -> 141146 | M18: =L18-K18 -> 0 | P18: 2010350-事业运行 | Q18: 50102-社会保障缴费 | R18: 30108-机关事业单位基本养老保险缴费 | S18: 85337.47 | W18: =K18-S18 -> 55808.53 | X18: =K18-S18 -> 55808.53
J19: =I19-H19 -> 0 | M19: =L19-K19 -> 0 | P19: 2010301-行政运行 | Q19: 50102-社会保障缴费 | R19: 30108-机关事业单位基本养老保险缴费 | S19: 55808.53 | T19: =S19+S20 -> 132375.44 | U19: ='[2]预计9-12月人员经费'!$H$16 -> -168620.74 | V19: =U19+T19 -> -36245.3 | W19: =K19-S19 -> -55808.53 | X19: =S19+S20 -> 132375.44 | Y19: ='[2]预计9-12月人员经费'!$H$16 -> -168620.74 | Z19: =X19+Y19 -> -36245.3
A20: 08-镇街财政 | B20: 北京市门头沟区永定镇人民政府 | C20: 门财预指[2024]0001号 | D20: 11010921R000000041401-离退休人员支出 | E20: 2080501-行政单位离退休 | F20: 50905-离退休费 | G20: 30302-退休费 | H20: 214820 | I20: =[1]可执行指标执行情况表!$J$27 -> 214820 | J20: =I20-H20 -> 0 | K20: 76566.91 | L20: ='[2]预计9-12月人员经费'!$H$22 -> 76566.91 | M20: =L20-K20 -> 0 | P20: 2010301-行政运行 | Q20: 50102-社会保障缴费 | R20: 30108-机关事业单位基本养老保险缴费 | S20: =K20 -> 76566.91 | W20: =K20-S20 -> 0
V21: ='[2]预计9-12月人员经费'!$H$17+'[2]预计9-12月人员经费'!$H$18+'[2]预计9-12月人员经费'!$H$19+'[2]预计9-12月人员经费'!$H$20 -> -394718.69
V22: =V19+V21 -> -430963.99
